Harfangs vs Mulligans
Created - February 22, 2018 at 22:17
Goals
|
Harfangs |
1 |
0 |
0 |
1 |
Mulligans |
3 |
1 |
1 |
5 |
|
Shots
|
Harfangs |
15 |
5 |
9 |
29 |
Mulligans |
15 |
7 |
14 |
36 |
|
1st period
1. Mulligans , Jonathan Tremblay 25 (Eric Tangradi 50, Nick Bonino 36) at 3:52
2. Harfangs , Brandon Pirri 6 (Dustin Jeffrey 14, Calle Jarnkrok 26) at 8:09
3. Mulligans , Anton Lander 18 (Matt Beleskey 20, Logan Shaw 17) at 10:31
4. Mulligans , Matt Niskanen 6 (Nick Bonino 37, Eric Tangradi 51) at 10:45
Penalties :
Victor Bartley (BEA) for Holding (Minor) at 13:36, Nathan Beaulieu (BEA) for Holding (Minor) at 18:55
2nd period
5. Mulligans , Jonathan Tremblay 26 (Nick Bonino 38) at 0:04 (PP)
Penalties :
Brandon Pirri (BEA) for Tripping (Minor) at 12:46
3rd period
6. Mulligans , Anton Lander 19 (Matt Niskanen 30, Thomas Hickey 28) at 11:05
Penalties :
Mark Alt (BEA) for Slashing (Minor) at 2:29, Michal Repik (BEA) for Goalie Interference (Minor) at 14:13
Goalie Stats
Anton Forsberg (BEA), 12 saves from 16 shots - (0.750), L, 3-4-1, 20:04 minutes
Andrew Hammond (BEA), 19 saves from 20 shots - (0.950), 39:56 minutes
Calvin Pickard (Rep), 28 saves from 29 shots - (0.966), W, 5-5-0, 60:00 minutes
Players Stats for Harfangs
Player Name G A P +/- PIM S H SB GA TA FO MP PP MP PK MP
------------------------------------------------------------------------------------
Alex Plante 0 0 0 0 0 0 0 2 0 0 0/0 5:30 0:00 0:00
Andreas Martinsen 0 0 0 -1 0 4 1 0 0 0 0/0 12:53 0:00 1:28
Angelo Esposito 0 0 0 -1 0 2 0 0 1 0 2/5 9:26 0:00 0:00
Boone Jenner 0 0 0 -1 0 2 0 1 0 0 0/2 11:15 0:00 0:07
Brandon Pirri 1 0 1 1 2 3 4 0 0 0 0/0 14:25 0:00 0:00
Brendan Leipsic 0 0 0 0 0 0 0 0 0 0 0/0 0:00 0:00 0:00
Brenden Kichton 0 0 0 0 0 0 0 0 0 0 0/0 0:00 0:00 0:00
Brian Lashoff 0 0 0 -1 0 2 0 0 0 1 0/0 25:47 0:00 6:18
Calle Jarnkrok 0 1 1 1 0 2 1 0 0 0 3/10 14:26 0:00 0:00
Cody Eakin 0 0 0 -2 0 2 2 1 0 0 18/36 20:35 0:00 4:58
Cristoval Nieves 0 0 0 0 0 0 0 0 0 0 0/0 1:38 0:00 1:21
Dustin Jeffrey 0 1 1 1 0 1 3 1 1 0 1/1 17:06 0:00 2:39
Dylan Olsen 0 0 0 0 0 0 0 0 0 1 0/0 18:09 0:00 2:41
Jake Dotchin 0 0 0 0 0 0 0 0 0 0 0/0 0:52 0:00 0:52
Joel Armia 0 0 0 -1 0 1 1 0 0 0 0/0 9:26 0:00 0:00
Jujhar Khaira 0 0 0 -1 0 1 0 0 0 0 0/0 9:26 0:00 0:00
Mark Alt 0 0 0 -2 2 0 0 0 0 1 0/0 10:37 0:00 0:00
Michal Repik 0 0 0 -1 2 1 1 1 0 0 0/0 11:24 0:00 0:00
Nathan Beaulieu 0 0 0 0 2 0 1 2 0 2 0/0 18:34 0:00 2:47
Nick Holden 0 0 0 -2 0 1 1 0 0 0 0/0 10:50 0:00 0:22
Reid McNeill 0 0 0 0 0 0 0 0 0 0 0/0 5:30 0:00 0:00
Sebastian Wannstrom 0 0 0 0 0 0 0 0 0 0 0/0 0:00 0:00 0:00
Tomas Kubalik 0 0 0 -2 0 4 0 0 3 0 0/2 17:47 0:00 2:39
Victor Bartley 0 0 0 -1 2 1 0 0 1 0 0/0 24:39 0:00 5:10
Vojtech Polak 0 0 0 -2 0 2 1 0 1 0 0/1 20:35 0:00 4:58
Players Stats for Mulligans
Player Name G A P +/- PIM S H SB GA TA FO MP PP MP PK MP
------------------------------------------------------------------------------------
Anton Lander 2 0 2 2 0 5 4 0 0 0 6/13 17:35 3:59 0:00
Ben Hutton 0 0 0 1 0 0 1 0 0 1 0/0 10:38 0:00 0:00
Benn Ferriero 0 0 0 0 0 2 1 0 0 0 0/0 11:47 0:00 0:00
Cade Fairchild 0 0 0 1 0 0 1 1 0 0 0/0 10:38 0:00 0:00
Christoph Bertschy 0 0 0 0 0 1 0 0 0 0 1/4 9:59 0:25 0:00
Cody Goloubef 0 0 0 0 0 1 0 2 0 1 0/0 18:31 3:56 0:00
Dalton Thrower 0 0 0 0 0 0 1 1 0 0 0/0 5:53 0:00 0:00
Darren Dietz 0 0 0 0 0 0 0 2 0 2 0/0 5:53 0:00 0:00
Drayson Bowman 0 0 0 0 0 1 1 0 0 0 0/0 11:47 0:00 0:00
Eric Tangradi 0 2 2 1 0 5 2 0 2 1 0/2 21:01 5:00 0:00
Jonathan Tremblay 2 0 2 1 0 2 2 1 0 1 2/2 20:39 4:41 0:00
Joonas Donskoi 0 0 0 0 0 0 2 0 0 0 0/0 10:09 0:35 0:00
Logan Shaw 0 1 1 2 0 2 0 0 0 0 0/0 17:28 3:52 0:00
Matt Beleskey 0 1 1 2 0 4 2 0 0 1 1/1 17:35 3:59 0:00
Matt Donovan 0 0 0 0 0 0 2 1 0 0 0/0 18:31 3:56 0:00
Matt Niskanen 1 1 2 2 0 3 2 3 1 0 0/0 24:58 5:09 0:00
Maxime Macenauer 0 0 0 0 0 1 0 0 0 0 3/3 11:47 0:00 0:00
Nick Bonino 0 3 3 1 0 5 1 0 0 0 20/32 20:42 4:44 0:00
Reid Boucher 0 0 0 0 0 1 1 0 1 0 0/0 9:31 0:00 0:00
Thomas Hickey 0 1 1 2 0 3 0 0 1 0 0/0 24:58 5:09 0:00
3 Stars
1 - Anton Lander (Rep)
2 - Jonathan Tremblay (Rep)
3 - Matt Niskanen (Rep)
Power Play
Harfangs - 0 on 0 Attempt(s) - 0.00%
Mulligans - 1 on 5 Attempt(s) - 20.00%
Penalty Kill
Harfangs - 4 on 5 Attempt(s) - 80.00%
- Score 0 goal in Penalty Kill
Mulligans - 0 on 0 Attempt(s) - 0.00%
- Score 0 goal in Penalty Kill
Team Stat
Harfangs - Hits : 16 - Faceoff Wins : 24 - Blocked Shots : 8 - Penalty Minutes : 10
Mulligans - Hits : 23 - Faceoff Wins : 33 - Blocked Shots : 11 - Penalty Minutes : 0
Official
Referees : Pollock Kevin and VanMassenhoven Don
Linesman : Bryan Pancich and Derek Nansen
Game Notes
Andrew Hammond enters game at 0:04 of 2nd period
Finance
Level 1 -- Attendance: 1531 (76.55%) -- Ticket Income $38,275
Level 2 -- Attendance: 726 (72.60%) -- Ticket Income $8,712
Total Attendance: 2257 (75.23%)
Total Ticket Income: $46,987
Other Income: $2,349
Total Income: $49,336
Harfangs
5 vs 5 Forward
Center Left Wing Right Wing Time % Phy DF OF
1 Cody Eakin Vojtech Polak Tomas Kubalik 40 1 2 2
2 Calle Jarnkrok Dustin Jeffrey Brandon Pirri 30 1 2 2
3 Boone Jenner Andreas Martinsen Michal Repik 20 1 2 2
4 Angelo Esposito Jujhar Khaira Joel Armia 10 1 2 2
5 vs 5 Defense
Defense Defense Time % Phy DF OF
1 Victor Bartley Brian Lashoff 40 1 2 2
2 Nathan Beaulieu Dylan Olsen 30 1 2 2
3 Nick Holden Mark Alt 20 1 2 2
4 Alex Plante Reid McNeill 10 1 2 2
PowerPlay Forward
Center Left Wing Right Wing Time % Phy DF OF
1 Cody Eakin Vojtech Polak Tomas Kubalik 60 1 2 2
2 Calle Jarnkrok Dustin Jeffrey Brandon Pirri 40 1 2 2
PowerPlay Defense
Defense Defense Time % Phy DF OF
1 Victor Bartley Brian Lashoff 60 1 2 2
2 Nathan Beaulieu Dylan Olsen 40 1 2 2
Penalty Kill 4 Players Forward
Center Wing Time % Phy DF OF
1 Cody Eakin Vojtech Polak 60 1 2 2
2 Tomas Kubalik Dustin Jeffrey 40 1 2 2
Penalty Kill 4 Players Defense
Defense Defense Time % Phy DF OF
1 Victor Bartley Brian Lashoff 60 1 2 2
2 Nathan Beaulieu Dylan Olsen 40 1 2 2
Penalty Kill - 3 Players Forward
Forward Time % Phy DF OF
1 Cody Eakin 60 1 2 2
2 Vojtech Polak 40 1 2 2
Penalty Kill - 3 Players Defense
Defense Defense Time % Phy DF OF
1 Victor Bartley Brian Lashoff 60 1 2 2
2 Nathan Beaulieu Dylan Olsen 40 1 2 2
4 vs 4 Forward
Center Wing Time % Phy DF OF
1 Cody Eakin Vojtech Polak 60 1 2 2
2 Tomas Kubalik Dustin Jeffrey 40 1 2 2
4 vs 4 Defense
Defense Defense Time % Phy DF OF
1 Victor Bartley Brian Lashoff 60 1 2 2
2 Nathan Beaulieu Dylan Olsen 40 1 2 2
Last Minutes Offensive
Center Left Wing Right Wing Defense Defense
Cody Eakin Vojtech Polak Tomas Kubalik Victor Bartley Brian Lashoff
Last Minutes Defensive
Center Left Wing Right Wing Defense Defense
Cody Eakin Vojtech Polak Tomas Kubalik Victor Bartley Brian Lashoff
Goaltenders
Starting : Anton Forsberg
Backup : Andrew Hammond
Extra Forwards
Normal : Sebastian Wannstrom, Brendan Leipsic, Cristoval Nieves - PP : Sebastian Wannstrom, Brendan Leipsic - PK : Cristoval Nieves
Extra Defensemen
Normal : Brenden Kichton, Jake Dotchin, Nick Holden - PP : Brenden Kichton - PK : Jake Dotchin, Nick Holden
Penalty Shots
Cody Eakin, Vojtech Polak, Tomas Kubalik, Dustin Jeffrey, Brandon Pirri
Scratches
Colton Sissons (Strained Left Elbow Injury), John Macfarland (Healthy), Dennis Everberg (Herniated Disc Injury), Jason Kasdorf (Healthy), Mark Visentin (Healthy)
Scott Wedgewood (Healthy)
Mulligans
5 vs 5 Forward
Center Left Wing Right Wing Time % Phy DF OF
1 Nick Bonino Eric Tangradi Jonathan Tremblay 40 0 2 3
2 Anton Lander Matt Beleskey Logan Shaw 30 0 2 3
3 Maxime Macenauer Drayson Bowman Benn Ferriero 20 0 2 3
4 Christoph Bertschy Reid Boucher Joonas Donskoi 10 0 2 3
5 vs 5 Defense
Defense Defense Time % Phy DF OF
1 Thomas Hickey Matt Niskanen 40 0 3 2
2 Matt Donovan Cody Goloubef 30 0 3 2
3 Cade Fairchild Ben Hutton 20 0 3 2
4 Darren Dietz Dalton Thrower 10 0 3 2
PowerPlay Forward
Center Left Wing Right Wing Time % Phy DF OF
1 Nick Bonino Eric Tangradi Jonathan Tremblay 60 0 1 4
2 Anton Lander Matt Beleskey Logan Shaw 40 0 1 4
PowerPlay Defense
Defense Defense Time % Phy DF OF
1 Thomas Hickey Matt Niskanen 60 0 2 3
2 Matt Donovan Cody Goloubef 40 0 2 3
Penalty Kill 4 Players Forward
Center Wing Time % Phy DF OF
1 Nick Bonino Eric Tangradi 60 1 2 2
2 Jonathan Tremblay Anton Lander 40 1 2 2
Penalty Kill 4 Players Defense
Defense Defense Time % Phy DF OF
1 Thomas Hickey Matt Niskanen 60 1 4 0
2 Matt Donovan Cody Goloubef 40 1 4 0
Penalty Kill - 3 Players Forward
Forward Time % Phy DF OF
1 Nick Bonino 60 1 3 1
2 Eric Tangradi 40 1 3 1
Penalty Kill - 3 Players Defense
Defense Defense Time % Phy DF OF
1 Thomas Hickey Matt Niskanen 60 1 4 0
2 Matt Donovan Cody Goloubef 40 1 4 0
4 vs 4 Forward
Center Wing Time % Phy DF OF
1 Nick Bonino Eric Tangradi 60 1 2 2
2 Jonathan Tremblay Anton Lander 40 1 2 2
4 vs 4 Defense
Defense Defense Time % Phy DF OF
1 Thomas Hickey Matt Niskanen 60 1 2 2
2 Matt Donovan Cody Goloubef 40 1 2 2
Last Minutes Offensive
Center Left Wing Right Wing Defense Defense
Nick Bonino Eric Tangradi Jonathan Tremblay Thomas Hickey Matt Niskanen
Last Minutes Defensive
Center Left Wing Right Wing Defense Defense
Nick Bonino Eric Tangradi Jonathan Tremblay Thomas Hickey Matt Niskanen
Goaltenders
Starting : Calvin Pickard
Backup : Anders Lindback
Extra Forwards
Normal : Joonas Donskoi, Christoph Bertschy, Logan Shaw - PP : Joonas Donskoi, Christoph Bertschy - PK : Logan Shaw
Extra Defensemen
Normal : Cade Fairchild, Ben Hutton, Darren Dietz - PP : Cade Fairchild - PK : Ben Hutton, Darren Dietz
Penalty Shots
Nick Bonino, Eric Tangradi, Jonathan Tremblay, Anton Lander, Maxime Macenauer
Scratches
Sven Baertschi (Lacerated Left Calf Injury), Nick Shore (Healthy), Mario Lucia (Healthy), Adam Lowry (Healthy), Derek Dorsett (Back Spasms Injury)
Marek Langhamer (Healthy)
% Time on Ice - Harfangs
Lines # - Real PCT - Wanted PCT - Time Play
Normal Forward
1 - 31% - 40% - 15:54
2 - 28% - 30% - 14:27
3 - 22% - 20% - 11:08
4 - 19% - 10% - 9:26
Normal Defense
1 - 39% - 40% - 19:49
2 - 30% - 30% - 15:28
3 - 20% - 20% - 10:08
4 - 11% - 10% - 5:30
PP Forward
1 - 0% - 60%
2 - 0% - 40%
PP Defense
1 - 0% - 60%
2 - 0% - 40%
PK Forward
1 - 71% - 60% - 6:26
2 - 29% - 40% - 2:39
PK Defense
1 - 70% - 60% - 6:24
2 - 30% - 40% - 2:41
PK3 Forward
1 - 0% - 60%
2 - 0% - 40%
PK3 Defense
1 - 0% - 60%
2 - 0% - 40%
44 Forward
1 - 0% - 60%
2 - 0% - 40%
44 Defense
1 - 0% - 60%
2 - 0% - 40%
Last Minute Offensive - 0:00
Last Minute Defensive - 0:00
Total
Forward - 60:00
Defense - 60:00
|
% Time on Ice - Mulligans
Lines # - Real PCT - Wanted PCT - Time Play
Normal Forward
1 - 31% - 40% - 16:01
2 - 27% - 30% - 13:36
3 - 23% - 20% - 11:47
4 - 19% - 10% - 9:31
Normal Defense
1 - 39% - 40% - 19:49
2 - 29% - 30% - 14:35
3 - 21% - 20% - 10:38
4 - 12% - 10% - 5:53
PP Forward
1 - 56% - 60% - 5:06
2 - 44% - 40% - 3:59
PP Defense
1 - 57% - 60% - 5:09
2 - 43% - 40% - 3:56
PK Forward
1 - 0% - 60%
2 - 0% - 40%
PK Defense
1 - 0% - 60%
2 - 0% - 40%
PK3 Forward
1 - 0% - 60%
2 - 0% - 40%
PK3 Defense
1 - 0% - 60%
2 - 0% - 40%
44 Forward
1 - 0% - 60%
2 - 0% - 40%
44 Defense
1 - 0% - 60%
2 - 0% - 40%
Last Minute Offensive - 0:00
Last Minute Defensive - 0:00
Total
Forward - 60:00
Defense - 60:00
|
Play by Play
1st period
0:01 of 1st period - Cody Eakin wins face-off versus Nick Bonino in neutral zone.
0:12 of 1st period - Backhand shot by Vojtech Polak.
0:12 of 1st period - Stopped by Calvin Pickard with a rebound.
0:14 of 1st period - Wrist shot by Tomas Kubalik.
0:14 of 1st period - Shot Misses the Net.
0:16 of 1st period - Slapshot by Brian Lashoff.
0:16 of 1st period - Stopped by Calvin Pickard without a rebound.
0:17 of 1st period - Matt Beleskey wins face-off versus Calle Jarnkrok in Mulligans zone.
0:28 of 1st period - Wrist shot by Anton Lander.
0:28 of 1st period - Stopped by Anton Forsberg with a rebound.
0:44 of 1st period - Matt Donovan is hit by Nathan Beaulieu and loses puck.
1:11 of 1st period - Wrist shot by Tomas Kubalik.
1:11 of 1st period - Stopped by Calvin Pickard with a rebound.
1:17 of 1st period - Victor Bartley is hit by Nick Bonino and loses puck.
1:28 of 1st period - Wrist shot by Victor Bartley.
1:28 of 1st period - Deflect By Joel Armia.
1:28 of 1st period - Stopped by Calvin Pickard with a rebound.
2:13 of 1st period - Slapshot by Michal Repik.
2:13 of 1st period - Deflect By Andreas Martinsen.
2:13 of 1st period - Stopped by Calvin Pickard without a rebound.
2:14 of 1st period - Cody Eakin wins face-off versus Nick Bonino in Mulligans zone.
2:21 of 1st period - Brian Lashoff is hit by Jonathan Tremblay.
2:27 of 1st period - Backhand shot by Tomas Kubalik.
2:27 of 1st period - Shot Blocked by Dalton Thrower.
3:50 of 1st period - Snap shot by Nick Bonino.
3:50 of 1st period - Deflect By Eric Tangradi.
3:50 of 1st period - Stopped by Anton Forsberg with a rebound.
3:52 of 1st period - Wrist shot by Jonathan Tremblay.
3:52 of 1st period - Goal by Jonathan Tremblay - Harfangs : 0 - Mulligans : 1.
3:53 of 1st period - Nick Bonino wins face-off versus Cody Eakin in neutral zone.
4:18 of 1st period - Anton Lander is hit by Brandon Pirri and loses puck.
4:23 of 1st period - Slapshot by Brandon Pirri.
4:23 of 1st period - Shot Misses the Net.
5:15 of 1st period - Icing by Nick Holden.
5:16 of 1st period - Nick Bonino wins face-off versus Angelo Esposito in Harfangs zone.
5:21 of 1st period - Snap shot by Nick Bonino.
5:21 of 1st period - Deflect By Eric Tangradi.
5:21 of 1st period - Shot Misses the Net.
5:21 of 1st period - Puck is out of play.
5:22 of 1st period - Cody Eakin wins face-off versus Nick Bonino in Harfangs zone.
5:47 of 1st period - Brian Lashoff is hit by Matt Niskanen and loses puck.
6:26 of 1st period - Dylan Olsen is hit by Joonas Donskoi.
6:36 of 1st period - Wrist shot by Christoph Bertschy.
6:36 of 1st period - Shot Hit the Post.
7:15 of 1st period - Wrist shot by Calle Jarnkrok.
7:15 of 1st period - Deflect By Dustin Jeffrey.
7:15 of 1st period - Shot Blocked by Darren Dietz.
7:15 of 1st period - Puck is out of play.
7:16 of 1st period - Dustin Jeffrey wins face-off versus Anton Lander in Mulligans zone.
7:17 of 1st period - Snap shot by Brandon Pirri.
7:17 of 1st period - Stopped by Calvin Pickard with a rebound.
7:19 of 1st period - Wrist shot by Brandon Pirri.
7:19 of 1st period - Stopped by Calvin Pickard without a rebound.
7:20 of 1st period - Anton Lander wins face-off versus Cody Eakin in Mulligans zone.
7:25 of 1st period - Victor Bartley is hit by Anton Lander and loses puck.
7:48 of 1st period - Wrist shot by Nick Bonino.
7:48 of 1st period - Stopped by Anton Forsberg without a rebound.
7:49 of 1st period - Nick Bonino wins face-off versus Calle Jarnkrok in Harfangs zone.
8:09 of 1st period - Snap shot by Brandon Pirri.
8:09 of 1st period - Goal by Brandon Pirri - Harfangs : 1 - Mulligans : 1.
8:10 of 1st period - Cody Eakin wins face-off versus Anton Lander in neutral zone.
8:49 of 1st period - Brian Lashoff is hit by Ben Hutton and loses puck.
9:52 of 1st period - Wrist shot by Tomas Kubalik.
9:52 of 1st period - Stopped by Calvin Pickard with a rebound.
9:54 of 1st period - Backhand shot by Tomas Kubalik.
9:54 of 1st period - Deflect By Matt Donovan.
9:54 of 1st period - Shot Misses the Net.
9:54 of 1st period - Puck is out of play.
9:55 of 1st period - Cody Eakin wins face-off versus Nick Bonino in Mulligans zone.
9:58 of 1st period - Wrist shot by Tomas Kubalik.
9:58 of 1st period - Stopped by Calvin Pickard with a rebound.
10:22 of 1st period - Michal Repik is hit by Anton Lander and loses puck.
10:29 of 1st period - Snap shot by Matt Beleskey.
10:29 of 1st period - Shot Misses the Net.
10:31 of 1st period - Snap shot by Anton Lander.
10:31 of 1st period - Goal by Anton Lander - Harfangs : 1 - Mulligans : 2.
10:32 of 1st period - Nick Bonino wins face-off versus Cody Eakin in neutral zone.
10:43 of 1st period - Snap shot by Nick Bonino.
10:43 of 1st period - Stopped by Anton Forsberg with a rebound.
10:45 of 1st period - Slapshot by Matt Niskanen.
10:45 of 1st period - Goal by Matt Niskanen - Harfangs : 1 - Mulligans : 3.
10:46 of 1st period - Nick Bonino wins face-off versus Cody Eakin in neutral zone.
11:11 of 1st period - Matt Donovan is hit by Calle Jarnkrok and loses puck.
11:38 of 1st period - Snap shot by Boone Jenner.
11:38 of 1st period - Deflect By Andreas Martinsen.
11:38 of 1st period - Shot Blocked by Matt Niskanen.
11:38 of 1st period - Puck is out of play.
11:39 of 1st period - Cody Eakin wins face-off versus Christoph Bertschy in Mulligans zone.
12:00 of 1st period - Wrist shot by Reid Boucher.
12:00 of 1st period - Deflect By Joonas Donskoi.
12:00 of 1st period - Shot Misses the Net.
12:00 of 1st period - Puck is out of play.
12:01 of 1st period - Nick Bonino wins face-off versus Calle Jarnkrok in Harfangs zone.
12:02 of 1st period - Snap shot by Jonathan Tremblay.
12:02 of 1st period - Shot Misses the Net.
12:26 of 1st period - Tomas Kubalik is hit by Anton Lander and loses puck.
12:35 of 1st period - Slapshot by Logan Shaw.
12:35 of 1st period - Shot Blocked by Alex Plante.
12:37 of 1st period - Snap shot by Logan Shaw.
12:37 of 1st period - Shot Misses the Net.
13:29 of 1st period - Wrist shot by Eric Tangradi.
13:29 of 1st period - Deflect By Jonathan Tremblay.
13:29 of 1st period - Shot Blocked by Dustin Jeffrey.
13:29 of 1st period - Puck is out of play.
13:30 of 1st period - Nick Bonino wins face-off versus Calle Jarnkrok in Harfangs zone.
13:36 of 1st period - Minor Penalty to Victor Bartley for Holding.
13:37 of 1st period - Jonathan Tremblay wins face-off versus Cody Eakin in Harfangs zone.
15:36 of 1st period - Penalty to Victor Bartley is over, Victor Bartley is back on ice.
16:07 of 1st period - Wrist shot by Joonas Donskoi.
16:07 of 1st period - Shot Blocked by Alex Plante.
16:34 of 1st period - Wrist shot by Boone Jenner.
16:34 of 1st period - Stopped by Calvin Pickard with a rebound.
16:36 of 1st period - Slapshot by Andreas Martinsen.
16:36 of 1st period - Stopped by Calvin Pickard with a rebound.
16:38 of 1st period - Snap shot by Michal Repik.
16:38 of 1st period - Deflect By Darren Dietz.
16:38 of 1st period - Stopped by Calvin Pickard without a rebound.
16:39 of 1st period - Anton Lander wins face-off versus Cody Eakin in Mulligans zone.
16:48 of 1st period - Snap shot by Cody Eakin.
16:48 of 1st period - Shot Misses the Net.
17:51 of 1st period - Snap shot by Benn Ferriero.
17:51 of 1st period - Stopped by Anton Forsberg without a rebound.
17:52 of 1st period - Nick Bonino wins face-off versus Cody Eakin in Harfangs zone.
17:59 of 1st period - Snap shot by Nick Bonino.
17:59 of 1st period - Stopped by Anton Forsberg without a rebound.
18:00 of 1st period - Cody Eakin wins face-off versus Nick Bonino in Harfangs zone.
18:11 of 1st period - Snap shot by Cody Eakin.
18:11 of 1st period - Stopped by Calvin Pickard with a rebound.
18:13 of 1st period - Snap shot by Tomas Kubalik.
18:13 of 1st period - Stopped by Calvin Pickard with a rebound.
18:25 of 1st period - Wrist shot by Logan Shaw.
18:25 of 1st period - Deflect By Matt Beleskey.
18:25 of 1st period - Stopped by Anton Forsberg with a rebound.
18:27 of 1st period - Slapshot by Thomas Hickey.
18:27 of 1st period - Shot Misses the Net.
18:29 of 1st period - Slapshot by Matt Beleskey.
18:29 of 1st period - Stopped by Anton Forsberg with a rebound.
18:31 of 1st period - Slapshot by Thomas Hickey.
18:31 of 1st period - Stopped by Anton Forsberg with a rebound.
18:33 of 1st period - Slapshot by Matt Beleskey.
18:33 of 1st period - Deflect By Anton Lander.
18:33 of 1st period - Shot Misses the Net.
18:33 of 1st period - Puck is out of play.
18:34 of 1st period - Anton Lander wins face-off versus Tomas Kubalik in Harfangs zone.
18:37 of 1st period - Snap shot by Anton Lander.
18:37 of 1st period - Shot Misses the Net.
18:39 of 1st period - Slapshot by Cody Goloubef.
18:39 of 1st period - Stopped by Anton Forsberg with a rebound.
18:41 of 1st period - Snap shot by Logan Shaw.
18:41 of 1st period - Stopped by Anton Forsberg with a rebound.
18:43 of 1st period - Wrist shot by Matt Beleskey.
18:43 of 1st period - Shot Misses the Net.
18:45 of 1st period - Slapshot by Cody Goloubef.
18:45 of 1st period - Shot Misses the Net.
18:47 of 1st period - Slapshot by Matt Donovan.
18:47 of 1st period - Shot Blocked by Nathan Beaulieu.
18:49 of 1st period - Snap shot by Logan Shaw.
18:49 of 1st period - Stopped by Anton Forsberg with a rebound.
18:55 of 1st period - Minor Penalty to Nathan Beaulieu for Holding.
18:56 of 1st period - Nick Bonino wins face-off versus Cody Eakin in Harfangs zone.
19:49 of 1st period - Cody Goloubef is hit by Cody Eakin and loses puck.
Goals for this period are 1 for Harfangs vs 3 for Mulligans.
Shots for this period are 15 for Harfangs vs 15 for Mulligans.
2nd period
0:01 of 2nd period - Nick Bonino wins face-off versus Vojtech Polak in neutral zone.
0:04 of 2nd period - Wrist shot by Jonathan Tremblay.
0:04 of 2nd period - Goal by Jonathan Tremblay - Harfangs : 1 - Mulligans : 4.
0:04 of 2nd period - Andrew Hammond enters game.
0:05 of 2nd period - Nick Bonino wins face-off versus Cody Eakin in neutral zone.
0:32 of 2nd period - Matt Niskanen is hit by Dustin Jeffrey and loses puck.
0:53 of 2nd period - Slapshot by Matt Niskanen.
0:53 of 2nd period - Stopped by Andrew Hammond with a rebound.
0:55 of 2nd period - Snap shot by Thomas Hickey.
0:55 of 2nd period - Stopped by Andrew Hammond without a rebound.
0:56 of 2nd period - Maxime Macenauer wins face-off versus Cody Eakin in Harfangs zone.
1:23 of 2nd period - Calle Jarnkrok is hit by Jonathan Tremblay and loses puck.
2:29 of 2nd period - Snap shot by Vojtech Polak.
2:29 of 2nd period - Shot Misses the Net.
2:37 of 2nd period - Wrist shot by Vojtech Polak.
2:37 of 2nd period - Stopped by Calvin Pickard with a rebound.
2:53 of 2nd period - Nick Bonino is hit by Dustin Jeffrey and loses puck.
3:06 of 2nd period - Jonathan Tremblay is hit by Michal Repik and loses puck.
3:19 of 2nd period - Slapshot by Eric Tangradi.
3:19 of 2nd period - Shot Misses the Net.
3:21 of 2nd period - Wrist shot by Nick Bonino.
3:21 of 2nd period - Shot Misses the Net.
3:23 of 2nd period - Slapshot by Matt Niskanen.
3:23 of 2nd period - Shot Misses the Net.
3:25 of 2nd period - Wrist shot by Nick Bonino.
3:25 of 2nd period - Shot Misses the Net.
3:27 of 2nd period - Slapshot by Eric Tangradi.
3:27 of 2nd period - Stopped by Andrew Hammond without a rebound.
3:28 of 2nd period - Cody Eakin wins face-off versus Anton Lander in Harfangs zone.
3:55 of 2nd period - Brandon Pirri is hit by Matt Donovan and loses puck.
4:52 of 2nd period - Matt Beleskey is hit by Cody Eakin and loses puck.
4:59 of 2nd period - Tomas Kubalik is hit by Dalton Thrower.
5:00 of 2nd period - Icing by Tomas Kubalik.
5:01 of 2nd period - Jonathan Tremblay wins face-off versus Cody Eakin in Harfangs zone.
5:02 of 2nd period - Snap shot by Nick Bonino.
5:02 of 2nd period - Stopped by Andrew Hammond without a rebound.
5:03 of 2nd period - Cody Eakin wins face-off versus Eric Tangradi in Harfangs zone.
5:49 of 2nd period - Snap shot by Andreas Martinsen.
5:49 of 2nd period - Stopped by Calvin Pickard with a rebound.
5:51 of 2nd period - Wrist shot by Andreas Martinsen.
5:51 of 2nd period - Stopped by Calvin Pickard with a rebound.
6:03 of 2nd period - Icing by Benn Ferriero.
6:04 of 2nd period - Christoph Bertschy wins face-off versus Angelo Esposito in Mulligans zone.
7:07 of 2nd period - Brian Lashoff is hit by Eric Tangradi and loses puck.
7:22 of 2nd period - Wrist shot by Dustin Jeffrey.
7:22 of 2nd period - Stopped by Calvin Pickard without a rebound.
7:23 of 2nd period - Calle Jarnkrok wins face-off versus Anton Lander in Mulligans zone.
7:50 of 2nd period - Jonathan Tremblay is hit by Nick Holden and loses puck.
8:17 of 2nd period - Cody Eakin is hit by Benn Ferriero and loses puck.
9:35 of 2nd period - Andreas Martinsen is hit by Drayson Bowman.
10:53 of 2nd period - Snap shot by Vojtech Polak.
10:53 of 2nd period - Shot Blocked by Cade Fairchild.
11:09 of 2nd period - Snap shot by Boone Jenner.
11:09 of 2nd period - Stopped by Calvin Pickard without a rebound.
11:10 of 2nd period - Anton Lander wins face-off versus Boone Jenner in Mulligans zone.
11:35 of 2nd period - Brian Lashoff is hit by Matt Niskanen and loses puck.
11:54 of 2nd period - Off-side.
11:55 of 2nd period - Cody Eakin wins face-off versus Nick Bonino in neutral zone.
12:35 of 2nd period - Slapshot by Thomas Hickey.
12:35 of 2nd period - Shot Misses the Net.
12:46 of 2nd period - Minor Penalty to Brandon Pirri for Tripping.
12:47 of 2nd period - Anton Lander wins face-off versus Cody Eakin in Harfangs zone.
13:25 of 2nd period - Snap shot by Tomas Kubalik.
13:25 of 2nd period - Shot Blocked by Matt Niskanen.
14:46 of 2nd period - Penalty to Brandon Pirri is over, Brandon Pirri is back on ice.
14:52 of 2nd period - Thomas Hickey is hit by Brandon Pirri and loses puck.
15:31 of 2nd period - Anton Lander is hit by Andreas Martinsen and loses puck.
15:41 of 2nd period - Off-side.
15:42 of 2nd period - Calle Jarnkrok wins face-off versus Christoph Bertschy in neutral zone.
15:53 of 2nd period - Wrist shot by Dustin Jeffrey.
15:53 of 2nd period - Shot Misses the Net.
16:16 of 2nd period - Wrist shot by Michal Repik.
16:16 of 2nd period - Shot Blocked by Matt Donovan.
18:32 of 2nd period - Slapshot by Victor Bartley.
18:32 of 2nd period - Shot Blocked by Matt Niskanen.
18:38 of 2nd period - Cody Eakin is hit by Reid Boucher and loses puck.
18:48 of 2nd period - Off-side.
18:49 of 2nd period - Nick Bonino wins face-off versus Boone Jenner in neutral zone.
18:54 of 2nd period - Slapshot by Eric Tangradi.
18:54 of 2nd period - Stopped by Andrew Hammond with a rebound.
19:22 of 2nd period - Wrist shot by Anton Lander.
19:22 of 2nd period - Shot Blocked by Cody Eakin.
19:50 of 2nd period - Snap shot by Christoph Bertschy.
19:50 of 2nd period - Stopped by Andrew Hammond with a rebound.
Goals for this period are 0 for Harfangs vs 1 for Mulligans.
Shots for this period are 5 for Harfangs vs 7 for Mulligans.
3rd period
0:01 of 3rd period - Nick Bonino wins face-off versus Cody Eakin in neutral zone.
0:08 of 3rd period - Wrist shot by Brian Lashoff.
0:08 of 3rd period - Shot Blocked by Jonathan Tremblay.
0:11 of 3rd period - Icing by Thomas Hickey.
0:12 of 3rd period - Cody Eakin wins face-off versus Eric Tangradi in Mulligans zone.
0:24 of 3rd period - Slapshot by Thomas Hickey.
0:24 of 3rd period - Stopped by Andrew Hammond with a rebound.
0:26 of 3rd period - Slapshot by Matt Niskanen.
0:26 of 3rd period - Shot Misses the Net.
0:28 of 3rd period - Backhand shot by Eric Tangradi.
0:28 of 3rd period - Stopped by Andrew Hammond without a rebound.
0:29 of 3rd period - Anton Lander wins face-off versus Calle Jarnkrok in Harfangs zone.
0:35 of 3rd period - Icing by Brian Lashoff.
0:36 of 3rd period - Calle Jarnkrok wins face-off versus Anton Lander in Harfangs zone.
1:11 of 3rd period - Snap shot by Eric Tangradi.
1:11 of 3rd period - Shot Misses the Net.
1:13 of 3rd period - Backhand shot by Matt Niskanen.
1:13 of 3rd period - Shot Misses the Net.
2:11 of 3rd period - Slapshot by Calle Jarnkrok.
2:11 of 3rd period - Deflect By Matt Beleskey.
2:11 of 3rd period - Stopped by Calvin Pickard without a rebound.
2:12 of 3rd period - Nick Bonino wins face-off versus Calle Jarnkrok in Mulligans zone.
2:12 of 3rd period - Nick Bonino is hit by Brandon Pirri.
2:29 of 3rd period - Minor Penalty to Mark Alt for Slashing.
2:30 of 3rd period - Cody Eakin wins face-off versus Nick Bonino in Harfangs zone.
4:29 of 3rd period - Penalty to Mark Alt is over, Mark Alt is back on ice.
4:39 of 3rd period - Mark Alt is hit by Cade Fairchild and loses puck.
4:52 of 3rd period - Wrist shot by Victor Bartley.
4:52 of 3rd period - Deflect By Christoph Bertschy.
4:52 of 3rd period - Stopped by Calvin Pickard with a rebound.
5:16 of 3rd period - Cade Fairchild is hit by Brandon Pirri and loses puck.
5:39 of 3rd period - Snap shot by Angelo Esposito.
5:39 of 3rd period - Stopped by Calvin Pickard with a rebound.
6:00 of 3rd period - Reid McNeill is hit by Joonas Donskoi and loses puck.
6:11 of 3rd period - Calle Jarnkrok is hit by Matt Donovan and loses puck.
8:03 of 3rd period - Snap shot by Angelo Esposito.
8:03 of 3rd period - Stopped by Calvin Pickard without a rebound.
8:04 of 3rd period - Angelo Esposito wins face-off versus Anton Lander in Mulligans zone.
8:15 of 3rd period - Snap shot by Matt Beleskey.
8:15 of 3rd period - Stopped by Andrew Hammond with a rebound.
8:35 of 3rd period - Slapshot by Brandon Pirri.
8:35 of 3rd period - Shot Misses the Net.
8:37 of 3rd period - Slapshot by Dustin Jeffrey.
8:37 of 3rd period - Shot Blocked by Darren Dietz.
8:39 of 3rd period - Snap shot by Calle Jarnkrok.
8:39 of 3rd period - Stopped by Calvin Pickard without a rebound.
8:40 of 3rd period - Maxime Macenauer wins face-off versus Cody Eakin in Mulligans zone.
8:40 of 3rd period - Maxime Macenauer is hit by Vojtech Polak.
9:25 of 3rd period - Slapshot by Thomas Hickey.
9:25 of 3rd period - Deflect By Maxime Macenauer.
9:25 of 3rd period - Stopped by Andrew Hammond with a rebound.
9:27 of 3rd period - Backhand shot by Benn Ferriero.
9:27 of 3rd period - Shot Blocked by Nathan Beaulieu.
9:29 of 3rd period - Wrist shot by Maxime Macenauer.
9:29 of 3rd period - Shot Misses the Net.
9:39 of 3rd period - Snap shot by Maxime Macenauer.
9:39 of 3rd period - Shot Blocked by Boone Jenner.
9:41 of 3rd period - Slapshot by Matt Niskanen.
9:41 of 3rd period - Stopped by Andrew Hammond without a rebound.
9:42 of 3rd period - Cody Eakin wins face-off versus Nick Bonino in Harfangs zone.
9:53 of 3rd period - Snap shot by Nick Bonino.
9:53 of 3rd period - Shot Hit the Post.
10:32 of 3rd period - Snap shot by Victor Bartley.
10:32 of 3rd period - Deflect By Jujhar Khaira.
10:32 of 3rd period - Stopped by Calvin Pickard without a rebound.
10:33 of 3rd period - Nick Bonino wins face-off versus Angelo Esposito in Mulligans zone.
10:53 of 3rd period - Wrist shot by Nathan Beaulieu.
10:53 of 3rd period - Shot Misses the Net.
10:55 of 3rd period - Snap shot by Angelo Esposito.
10:55 of 3rd period - Shot Misses the Net.
11:03 of 3rd period - Snap shot by Anton Lander.
11:03 of 3rd period - Stopped by Andrew Hammond with a rebound.
11:05 of 3rd period - Wrist shot by Anton Lander.
11:05 of 3rd period - Goal by Anton Lander - Harfangs : 1 - Mulligans : 5.
11:06 of 3rd period - Nick Bonino wins face-off versus Cody Eakin in neutral zone.
11:35 of 3rd period - Brian Lashoff is hit by Matt Beleskey and loses puck.
13:17 of 3rd period - Snap shot by Drayson Bowman.
13:17 of 3rd period - Stopped by Andrew Hammond with a rebound.
13:19 of 3rd period - Wrist shot by Benn Ferriero.
13:19 of 3rd period - Shot Blocked by Michal Repik.
13:21 of 3rd period - Snap shot by Benn Ferriero.
13:21 of 3rd period - Stopped by Andrew Hammond without a rebound.
13:22 of 3rd period - Nick Bonino wins face-off versus Cody Eakin in Harfangs zone.
14:13 of 3rd period - Minor Penalty to Michal Repik for Goalie Interference.
14:14 of 3rd period - Cody Eakin wins face-off versus Nick Bonino in Harfangs zone.
14:24 of 3rd period - Wrist shot by Cody Eakin.
14:24 of 3rd period - Stopped by Calvin Pickard without a rebound.
14:25 of 3rd period - Nick Bonino wins face-off versus Cody Eakin in Mulligans zone.
15:02 of 3rd period - Snap shot by Matt Beleskey.
15:02 of 3rd period - Stopped by Andrew Hammond without a rebound.
15:03 of 3rd period - Cody Eakin wins face-off versus Anton Lander in Harfangs zone.
15:26 of 3rd period - Slapshot by Cody Eakin.
15:26 of 3rd period - Shot Blocked by Cody Goloubef.
16:04 of 3rd period - Vojtech Polak is hit by Matt Beleskey.
16:13 of 3rd period - Penalty to Michal Repik is over, Michal Repik is back on ice.
16:21 of 3rd period - Slapshot by Dylan Olsen.
16:21 of 3rd period - Shot Misses the Net.
16:29 of 3rd period - Slapshot by Maxime Macenauer.
16:29 of 3rd period - Deflect By Drayson Bowman.
16:29 of 3rd period - Shot Misses the Net.
16:29 of 3rd period - Puck is out of play.
16:30 of 3rd period - Maxime Macenauer wins face-off versus Calle Jarnkrok in Harfangs zone.
16:39 of 3rd period - Slapshot by Nick Holden.
16:39 of 3rd period - Stopped by Calvin Pickard with a rebound.
16:41 of 3rd period - Slapshot by Calle Jarnkrok.
16:41 of 3rd period - Shot Hit the Post.
16:43 of 3rd period - Snap shot by Dustin Jeffrey.
16:43 of 3rd period - Shot Misses the Net.
16:45 of 3rd period - Slapshot by Mark Alt.
16:45 of 3rd period - Shot Blocked by Cody Goloubef.
16:55 of 3rd period - Boone Jenner is hit by Anton Lander and loses puck.
17:04 of 3rd period - Snap shot by Anton Lander.
17:04 of 3rd period - Stopped by Andrew Hammond without a rebound.
17:05 of 3rd period - Nick Bonino wins face-off versus Tomas Kubalik in Harfangs zone.
17:06 of 3rd period - Wrist shot by Eric Tangradi.
17:06 of 3rd period - Stopped by Andrew Hammond without a rebound.
17:07 of 3rd period - Cody Eakin wins face-off versus Nick Bonino in Harfangs zone.
17:07 of 3rd period - Cody Eakin is hit by Eric Tangradi.
17:15 of 3rd period - Slapshot by Brian Lashoff.
17:15 of 3rd period - Deflect By Cody Eakin.
17:15 of 3rd period - Shot Misses the Net.
17:15 of 3rd period - Puck is out of play.
17:16 of 3rd period - Cody Eakin wins face-off versus Nick Bonino in Mulligans zone.
17:43 of 3rd period - Thomas Hickey is hit by Dustin Jeffrey and loses puck.
18:27 of 3rd period - Slapshot by Cody Goloubef.
18:27 of 3rd period - Shot Misses the Net.
18:29 of 3rd period - Snap shot by Reid Boucher.
18:29 of 3rd period - Stopped by Andrew Hammond without a rebound.
18:30 of 3rd period - Angelo Esposito wins face-off versus Christoph Bertschy in Harfangs zone.
19:11 of 3rd period - Reid Boucher is hit by Joel Armia and loses puck.
19:20 of 3rd period - Slapshot by Brian Lashoff.
19:20 of 3rd period - Stopped by Calvin Pickard without a rebound.
19:21 of 3rd period - Nick Bonino wins face-off versus Cody Eakin in Mulligans zone.
19:28 of 3rd period - Slapshot by Nick Bonino.
19:28 of 3rd period - Stopped by Andrew Hammond without a rebound.
19:29 of 3rd period - Cody Eakin wins face-off versus Nick Bonino in Harfangs zone.
19:36 of 3rd period - Wrist shot by Cody Eakin.
19:36 of 3rd period - Shot Misses the Net.
Goals for this period are 0 for Harfangs vs 1 for Mulligans.
Shots for this period are 9 for Harfangs vs 14 for Mulligans.
Back to the Top